 Dungeon Crawl Stone Soup version 0.28.0-43-g3370ac3207 (webtiles) character file.

Game seed: 15113283829256718831

17723 protoss039 the Thaumaturge (level 12, -5/91 HPs)
             Began as a Deep Elf Earth Elementalist on Mar 7, 2022.
             Was a Priest of Sif Muna.
             Shot with an arrow by Nessos (14 damage)
             ... on level 12 of the Dungeon.
             The game lasted 00:45:09 (17256 turns).

protoss039 the Thaumaturge (DEEE)                  Turns: 17256, Time: 00:45:09

Health: -5/91      AC: 28    Str:  5      XL:     12   Next: 21%
Magic:  13/32      EV: 12    Int: 20 (26) God:    Sif Muna [***...]
Gold:   861        SH:  0    Dex: 12      Spells: 16/39 levels left

rFire   + + .      SeeInvis +   U - +7 falchion of Nemelex Xobeh's Envy {freeze, rElec rF++ Dex-3 SInv}
rCold   . . .      Faith    .   k - orb {*channel}
rNeg    + + .      Spirit   .   (armour currently unavailable)
rPois   ∞          Reflect  .   (no helmet)
rElec   +          Harm     .   G - +1 cloak
rCorr   .          Rampage  .   (gloves currently unavailable)
Will    +....                   (boots currently unavailable)
Stlth   ++........              (no amulet)
HPRegen 0.25/turn               A - ring of see invisible
MPRegen 0.23/turn               y - ring of positive energy

@: lethally poisoned (-5 -> -5), statue-form, very slow
A: slow and powerful, torment resistance 1, boosted hp
a: End Transformation, Renounce Religion, Channel Magic, Forget Spell


You were on level 12 of the Dungeon.
You worshipped Sif Muna.
Sif Muna was most pleased with you.
You were a living statue of rough stone.
You visited 2 branches of the dungeon, and saw 13 of its levels.

You collected 889 gold pieces.
You spent 28 gold pieces at shops.

Inventory:

Hand Weapons
 H - a +5 falchion
 K - the +7 lajatang of Order {silver, rMut}
   (You found it on level 9 of the Dungeon)

   It inflicts extra damage upon those it strikes, and deals substantially
   increased damage to chaotic, mutated and magically transformed beings.
   rMut:      It protects you from mutation.
 P - a +0 scimitar of flaming
 U - the +7 falchion of Nemelex Xobeh's Envy (weapon) {freeze, rElec rF++ Dex-3 SInv}
   (You found it on level 11 of the Dungeon)

   It freezes those it strikes, dealing additional cold damage.
   It can also slow down cold-blooded creatures.
   Dex:       It affects your dexterity (-3).
   rF:        It greatly protects you from fire.
   rElec:     It insulates you from electricity.
   SInv:      It lets you see invisible.
Missiles
 c - 438 stones
 T - a throwing net
Armour
 k - an orb of energy (worn)
 n - a +0 pair of boots (melded)
 x - +0 steam dragon scales (melded)
 G - a +1 cloak (worn)
 Q - a +2 robe of fire resistance
 S - a +1 robe of cold resistance
Magical Staves
 v - a staff of conjuration
Jewellery
 b - a ring of ice
 y - a ring of positive energy (right fist)
 A - a ring of see invisible (left fist)
Wands
 F - a wand of iceblast (8)
 L - a wand of digging (4)
 M - a wand of acid (7)
Scrolls
 a - a scroll of identify
 d - a scroll of fear {unknown}
 e - 8 scrolls of teleportation
 g - a scroll of acquirement {unknown}
 h - a scroll of torment {unknown}
 i - 2 scrolls of enchant armour {unknown}
 l - 5 scrolls of amnesia
 m - 3 scrolls of magic mapping {unknown}
 p - 4 scrolls of enchant weapon
 z - 2 scrolls of noise {unknown}
 C - 2 scrolls of summoning {unknown}
 D - a scroll of fog {unknown}
 N - a scroll of vulnerability {unknown}
Potions
 f - a potion of mutation
 j - 6 potions of curing
 q - 3 potions of flight
 r - a potion of brilliance {unknown}
 s - a potion of magic {unknown}
 t - 2 potions of heal wounds
 u - a potion of resistance {unknown}
 B - a potion of lignification {unknown}
 E - a potion of attraction {unknown}
 I - 2 potions of invisibility {unknown}
 J - a potion of cancellation {unknown}
 O - a potion of haste {unknown}
Miscellaneous
 o - a box of beasts


   Skills:
 * Level 6.2 Fighting
 - Level 3.0 Dodging
 - Level 3.0 Stealth
 + Level 14.4 Spellcasting
 + Level 6.0 Conjurations
 - Level 2.0 Translocations
 * Level 6.0 Transmutations
 + Level 12.0 Earth Magic
 * Level 7.7 Invocations
 - Level 2.0 Evocations


You had 16 spell levels left.
You knew the following spells:

 Your Spells              Type           Power      Damage    Failure   Level
a - Sandblast             Erth           100%       2d20      1%          1
b - Passwall              Tmut/Erth      41%        N/A       1%          2
c - Stone Arrow           Conj/Erth      100%       3d13      1%          3
d - Petrify               Tmut/Erth      50%        N/A       1%          4
e - Lee's Rapid Deconstr  Erth           29%        3d16*     1%          5
f - Statue Form           Tmut/Erth      33%        N/A       17%         6
g - Blink                 Tloc           44%        N/A       3%          2

Your spell library contained the following spells:

 Spells                   Type           Power      Damage    Failure   Level
 Foxfire                  Conj/Fire      100%       2x1d9     1%          1
 Conjure Flame            Conj/Fire      26%        6-21      3%          3
 Animate Armour           Summ/Erth      76%        N/A       3%          4
 Leda's Liquefaction      Hex/Erth       19%        N/A       3%          4
 Inner Flame              Hex/Fire       14%        N/A       13%         3
 Flame Wave               Conj/Fire      26%        2d7       13%         4
 Passage of Golubria      Tloc           22%        N/A       19%         4
 Manifold Assault         Tloc           22%        N/A       47%         5
 Silence                  Hex/Air        7%         N/A       77%         5
 Storm Form               Tmut/Air       13%        N/A       100%        7
 Lehudib's Crystal Spear  Conj/Erth      25%        10d7      100%        8


Dungeon Overview and Level Annotations

Branches:
Dungeon (12/15)            Temple (1/1) D:5            Lair (0/6) D:11
    Orc (0/2) D:12

Altars:
Ashenzari
Cheibriados
Dithmenos
Elyvilon
Fedhas
Gozag
Hepliaklqana
Kikubaaqudgha
Makhleb
Nemelex Xobeh
Okawaru
Qazlal
Ru
Sif Muna
Trog
Uskayaw
Vehumet
Wu Jian
Xom
Yredelemnul
Zin
The Shining One

Shops:
D:3 ?

Annotations:
D:5 1 runed translucent door, Hyawatha's ghost, amateur MiBe
D:7 6 exclusions
D:12 Nessos


Message History

Casting: Statue Form (dangerous; 17% risk of failure)
Confirm with . or Enter, or press ? or * to list all spells.
Aiming: Lee's Rapid Deconstruction (dangerous; 1% risk of failure)
Press: ? - help, Dir - move target A rock wall.
The wall shatters!
The blast of rock fragments hits Nessos!!
Nessos is moderately wounded.
Nessos gestures wildly while chanting.
Nessos seems to speed up.
Nessos shoots an arrow.
The arrow hits you but does no damage.
Nessos shoots an arrow.
The arrow hits you! The arrow burns you.
Casting: Lee's Rapid Deconstruction (dangerous; 1% risk of failure)
Confirm with . or Enter, or press ? or * to list all spells.
Aiming: Lee's Rapid Deconstruction (dangerous; 1% risk of failure)
Press: ? - help, Dir - move target A rock wall.
The wall shatters!
The blast of rock fragments hits Nessos!!
Nessos is severely wounded.
Nessos shoots an arrow.
The arrow hits you.
Nessos shoots an arrow.
The arrow hits you!!
* * * LOW HITPOINT WARNING * * *
The arrow burns you.
* * * LOW HITPOINT WARNING * * *
Nessos shoots an arrow.
The arrow hits you!
* * * LOW HITPOINT WARNING * * *
Casting: Lee's Rapid Deconstruction (dangerous; 1% risk of failure)
Confirm with . or Enter, or press ? or * to list all spells.
Aiming: Lee's Rapid Deconstruction (dangerous; 1% risk of failure)
Press: ? - help, Dir - move target A rock wall.
The wall shatters!
Sif Muna accepts your kill.
You feel a bit more experienced.
The blast of rock fragments hits Nessos.
Nessos is severely wounded.
Nessos gestures wildly while chanting.
Nessos blinks!
Nessos shoots an arrow.
The arrow hits you!
You die...

####### #.....# #
#.....# #.#### #.....#
#..§c# #.....# #....#.#
#.....#
.T..#..#.########.....#
... #..#.8.....#......#
. ...#######.#......#
...# #.#..##### c...
#.#..# ....# #.#..#
#..<.# ######


You could see Nessos (fast).

Vanquished Creatures
  Snorg (D:10)
  Fannar (D:10)
  Erica (D:10)
  3 two-headed ogres (D:11)
  Sonja (D:10)
  2 cyclopes
  A manticore (D:11)
  A deep elf pyromancer (D:12)
  3 centaur zombies
  2 gargoyles
  2 kobold demonologists
  A polar bear (D:8)
  A troll (D:12)
  Grinder (D:4)
  4 slime creatures
  A shadow (D:6)
  A vampire (D:11)
  14 yaks
  A wraith (D:10)
  A steam dragon (D:5)
  An acid dragon (D:10)
  4 water moccasins
  4 ice beasts
  4 orc warriors
  4 black bears
  A sky beast (D:5)
  A swamp drake (D:12)
  A necrophage (D:8)
  2 wolves (D:8)
  6 centaurs
  4 ogres
  2 kobold brigands
  9 bullfrogs
  3 gnoll sergeants
  4 scorpions
  A wyvern skeleton (D:6)
  A water moccasin zombie (D:5)
  6 killer bees (D:10)
  9 wights (D:8)
  4 howler monkeys
  6 electric eels
  4 orc priests
  3 hounds
  4 jellies
  A wyvern simulacrum (D:8)
  2 bullfrog skeletons
  Jessica (D:3)
  2 iguanas
  8 orc wizards
  A centaur simulacrum (D:8)
  A hound skeleton (D:5)
  A howler monkey zombie (D:8)
  11 gnolls
  5 adders
  A shadow imp (D:5)
  5 white imps
  A howler monkey simulacrum (D:8)
  An ufetubus (D:5)
  An adder skeleton (D:4)
  30 orcs
  4 bats
  7 endoplasms
  3 giant cockroaches
  5 hobgoblins
  5 jackals
  3 quokkas
  3 ball pythons
  5 frilled lizards
  8 goblins
  19 kobolds
  6 rats
271 creatures vanquished.

Vanquished Creatures (others)
  An orc (D:5)
  27 fungi (D:11)
  35 plants (D:11)
63 creatures vanquished.

Grand Total: 334 creatures vanquished

Notes
Turn   | Place    | Note
-------+----------+-------------------------------------------
     0 | D:1      | protoss039 the Deep Elf Earth Elementalist began the quest
                  | for the Orb.
     0 | D:1      | Reached XP level 1. HP: 10/10 MP: 6/6
   258 | D:1      | Reached XP level 2. HP: 15/15 MP: 2/8
  1455 | D:1      | Learned a level 2 spell: Passwall
  1575 | D:2      | Reached XP level 3. HP: 19/19 MP: 8/10
  2511 | D:2      | Reached skill level 4 in Spellcasting
  2957 | D:2      | Learned a level 3 spell: Stone Arrow
  3050 | D:3      | Found Seppest's Magic Scroll Emporium.
  3058 | D:3      | Bought a scroll of identify for 28 gold pieces
  3366 | D:3      | Reached XP level 4. HP: 22/24 MP: 6/12
  3583 | D:3      | Found a faded altar of an unknown god.
  3822 | D:3      | Noticed Jessica
  3823 | D:3      | Killed Jessica
  3914 | D:3      | Reached skill level 1 in Fighting
  3998 | D:3      | Reached skill level 1 in Evocations
  4161 | D:3      | Reached XP level 5. HP: 29/29 MP: 10/14
  4198 | D:3      | Reached skill level 5 in Earth Magic
  4330 | D:3      | Reached skill level 5 in Spellcasting
  4751 | D:3      | Learned a level 4 spell: Petrify
  4973 | D:4      | Found a white marble altar of Elyvilon.
  5118 | D:4      | Reached skill level 1 in Conjurations
  5118 | D:4      | Reached XP level 6. HP: 34/34 MP: 12/16
  5148 | D:4      | Noticed Grinder
  5164 | D:4      | Killed Grinder
  5165 | D:4      | Reached skill level 6 in Spellcasting
  5350 | D:4      | Learned a level 5 spell: Lee's Rapid Deconstruction
  5367 | D:5      | Entered Level 5 of the Dungeon
  5418 | D:5      | Reached XP level 7. HP: 35/40 MP: 5/18
  5926 | D:5      | Reached skill level 7 in Spellcasting
  6057 | D:5      | Reached XP level 8. HP: 45/45 MP: 16/21
  6107 | D:5      | Found a runed translucent door.
  6110 | D:5      | Noticed Hyawatha's ghost (amateur MiBe)
  6193 | D:5      | Reached skill level 8 in Spellcasting
  6387 | D:5      | Found a staircase to the Ecumenical Temple.
  6412 | Temple   | Entered the Ecumenical Temple
  6497 | Temple   | Became a worshipper of Sif Muna the Loreminder
  6651 | D:5      | Reached skill level 1 in Invocations
  7276 | D:5      | Learned a level 6 spell: Statue Form
  7684 | D:6      | Reached skill level 9 in Spellcasting
  7684 | D:6      | Reached XP level 9. HP: 19/52 MP: 12/24
  8382 | D:6      | Learned a level 2 spell: Blink
  8451 | D:7      | Found a hazy altar of Hepliaklqana.
  8936 | D:7      | Reached * piety under Sif Muna
  9247 | D:7      | Reached skill level 10 in Spellcasting
  9318 | D:8      | Reached skill level 1 in Translocations
  9616 | D:8      | Reached XP level 10. HP: 58/58 MP: 15/26
  9832 | D:8      | Found a bloodstained altar of Trog.
  9845 | D:8      | Reached skill level 11 in Spellcasting
 10291 | D:8      | Reached ** piety under Sif Muna
 10979 | D:9      | Noticed a cyclops
 11058 | D:9      | Found the +7 lajatang of Order {silver, rMut}
 11092 | D:9      | Found a broken altar of Ashenzari.
 11154 | D:9      | Reached skill level 5 in Invocations
 11158 | D:9      | Reached skill level 10 in Earth Magic
 11730 | D:9      | Found a radiant altar of Vehumet.
 11730 | D:9      | Found a glowing silver altar of Zin.
 11816 | D:9      | Reached skill level 5 in Fighting
 11819 | D:9      | Reached skill level 12 in Spellcasting
 12036 | D:9      | Killed a cyclops
 12152 | D:10     | Entered Level 10 of the Dungeon
 12155 | D:10     | Noticed Sonja
 12162 | D:10     | Killed Sonja
 12163 | D:10     | Reached XP level 11. HP: 64/64 MP: 22/29
 12255 | D:10     | Noticed Snorg
 12263 | D:10     | Killed Snorg
 12264 | D:10     | Reached skill level 5 in Transmutations
 13266 | D:10     | Noticed Fannar
 13284 | D:10     | Noticed Erica
 14221 | D:10     | Killed Erica
 14329 | D:10     | Killed Fannar
 14330 | D:10     | Reached skill level 13 in Spellcasting
 14585 | D:11     | Noticed a two-headed ogre
 14747 | D:11     | Found a staircase to the Lair.
 14768 | D:11     | Reached *** piety under Sif Muna
 15132 | D:11     | Noticed a two-headed ogre
 15133 | D:11     | Noticed a two-headed ogre
 15155 | D:11     | Killed a two-headed ogre
 15156 | D:11     | Reached skill level 5 in Conjurations
 15247 | D:11     | Killed a two-headed ogre
 15320 | D:11     | Killed a two-headed ogre
 15510 | D:11     | Reached skill level 14 in Spellcasting
 15789 | D:11     | Identified the +7 falchion of Nemelex Xobeh's Envy {freeze,
                  | rElec rF++ Dex-3 SInv}
 15817 | D:11     | Reached XP level 12. HP: 70/70 MP: 19/32
 16364 | D:12     | Found a staircase to the Orcish Mines.
 17249 | D:12     | Noticed Nessos
 17256 | D:12     | Shot with an arrow by Nessos

Illustrated notes

Levels and vault maps discovered:
D:1:      saegor_arrival_simple_c, layout_loops_ring, serial_glass,
          glass_columns_b, glass_columns_c, glass_columns_a
D:2:      layout_loops_corners
D:3:      layout_loops_ring, chequers_ecumenical_altar_grove, serial_shops,
          nicolae_diamond_shop, uniq_jessica
D:4:      layout_rooms, elyvilon_altar_3, hangedman_abyss_or_decor_stabs,
          uniq_grinder
D:5:      layout_cave_pods, minmay_temple_entry_glassed_door,
          ebering_ghost_sewer_d, st_stairs_10
D:6:      layout_loops_ring
D:7:      layout_rooms, lemuel_doored_altar
D:8:      statuecave_lemuel, layout_cave_pools,
          mainiacjoe_overflow_concentric_impassable, serial_ice, serial_ice_k,
          serial_ice_o, serial_ice_b, serial_ice_f, serial_ice_m, serial_ice_n,
          serial_ice_e, grunt_decor_one_mirror
D:9:      layout_irregular_city, ashenzari_conservatory_becter,
          gammafunk_temple_overflow_wave
D:10:     layout_stronghold, kennysheep_generic_room_9, uniq_sonja, uniq_erica,
          uniq_snorg, uniq_fannar
D:11:     layout_gridville, due_lair_maze_entry_diamond, grunt_ministairs_10
D:12:     layout_basic, erik_orc_1, uniq_nessos
Temple:   lightli_temple_of_artemis

Skill      XL: |  1  2  3  4  5  6  7  8  9 10 11 12 |
---------------+-------------------------------------+-----
Earth Magic    | 4 5 6 7 9 10 11 12 | 12.0
Spellcasting   | 4 5 6 7 9 10 12 14 | 14.4
Fighting       | 1 2 3 4 5 6 |  6.2
Evocations     | 1 2 |  2.0
Conjurations   | 1 2 3 4 5 6 |  6.0
Transmutations | 2 4 6 |  6.0
Invocations    | 2 4 5 7 |  7.7
Translocations | 2 |  2.0
Stealth        | 3 |  3.0
Dodging        | 3 |  3.0

Action                   |  1- 3 |  4- 6 |  7- 9 | 10-12 || total
-------------------------+-------+-------+-------+-------++-------
Melee: Unarmed           |    15 |       |       |       ||    15
       Punch             |     2 |       |       |       ||     2
       War axe           |    37 |       |       |       ||    37
       Short sword       |    48 |    11 |       |       ||    59
       Spear             |       |     6 |     9 |    27 ||    42
       Falchion          |       |       |       |    10 ||    10
 Cast: Sandblast         |    27 |    22 |    14 |    23 ||    86
       Stone Arrow       |     6 |    31 |    79 |   153 ||   269
       Lee's Rapid Decon |       |       |    14 |    42 ||    56
       Petrify           |       |       |       |     9 ||     9
       Passwall          |       |       |       |     4 ||     4
       Statue Form       |       |       |       |     2 ||     2
 Abil: End Transformatio |       |       |       |     1 ||     1
  Use: Scroll            |     2 |     1 |       |     4 ||     7
       Potion            |       |     1 |       |       ||     1
 Stab: Sleeping          |     6 |     1 |     2 |       ||     9
Armor: Robe              |    26 |     6 |     2 |       ||    34
       Steam dragon scal |       |       |     5 |    32 ||    37
       Skin              |       |       |       |    11 ||    11
Dodge: Dodged            |    79 |    18 |    15 |    56 ||   168
